Map: Galactic Process LE

Players

IIIIIIIIII - Winner!

  • Race: Zerg Zerg
  • League: Grandmaster

IIIIIIIIIIII

  • Race: Protoss Protoss
  • League: Grandmaster

VOD

Have the link to the VOD?

Description

Time

  • Played on: Aug. 4, 2016, 3:51 a.m.
  • Length: 14:37
Show
View Real Time Build Order
Export as new Build Order

IIIIIIIIII Zerg - Winner!

Build Orders: Hatch First 

Get SALT Encoding   

  12  0:01  Drone  
  13  0:13  Overlord  
  13  0:17  Drone  
  14  0:31  Drone x2  
  14  0:35  Drone  
  17  0:48  Drone  
  18  0:58  Hatchery  
  18  1:02  Drone  
  18  1:06  Extractor  
  17  1:16  Spawning Pool  
  17  1:18  Drone  
  17  1:22  Drone  
  18  1:29  Drone  
  19  1:49  Hatchery  
  19  1:53  Drone  
  19  2:06  Metabolic Boost  
  19  2:15  Queen  
  19  2:18  Drone  
  19  2:20  Drone  
  23  2:23  Zergling x2  
  23  2:25  Zergling x2  
  25  2:30  Drone  
  25  2:34  Overlord  
  26  2:41  Queen  
  28  2:58  Drone x2  
  28  2:59  Drone  
  28  3:02  Spore Crawler  
  28  3:05  Drone x4  
  35  3:08  Queen  
  35  3:12  Overlord  
  37  3:18  Drone x2  
  38  3:25  Drone  
  38  3:26  Overlord  
  39  3:30  Drone  
  40  3:39  Zergling x6  
  42  3:44  Overlord  
  42  3:47  Roach Warren  
  41  3:50  Overlord  
  41  4:01  Zergling x10  
  41  4:02  Overlord  
  46  4:04  Overlord  
  46  4:10  Overlord  
  46  4:12  Overlord  
  46  4:14  Zergling x4  
  46  4:15  Zergling x2  
  45  4:26  Drone x3  
  45  4:27  Overlord  
  48  4:38  Roach x9  
  65  4:41  Overlord  
  63  4:47  Drone  
  64  4:54  Overlord  
  64  4:55  Lair  
  64  4:59  Drone  
  67  5:00  Drone x4  
  67  5:05  Overlord  
  68  5:07  Overlord  
  68  5:10  Overlord  
  68  5:14  Overlord  
  68  5:17  Zergling x2  
  68  5:19  Spore Crawler  
  68  5:20  Spore Crawler  
  66  5:25  Spore Crawler, Drone  
  66  5:27  Extractor  
  66  5:28  Extractor, Drone x6  
  70  5:36  Roach x2  
  70  5:37  Roach  
  70  5:39  Overlord  
  70  5:42  Overlord  
  76  5:43  Roach  
  76  5:45  Roach  
  76  5:47  Overlord  
  80  5:50  Overlord  
  80  5:51  Roach  
  80  5:54  Overlord  
  82  6:04  Roach  
  82  6:05  Roach x3  
  82  6:06  Overseer  
  90  6:30  Roach x9  
  90  6:31  Overlord  
  104  6:48  Roach x5  
  104  6:54  Overlord  
  114  6:55  Drone  
  114  7:00  Glial Reconstitution  
  114  7:01  Drone  
  107  7:07  Overseer  
  106  7:09  Drone x2  
  108  7:22  Zergling x16  
  116  7:33  Overseer  
  116  7:34  Zergling x4  
  118  7:38  Extractor, Drone x2  
  119  7:47  Ravager x3  
  122  7:54  Hatchery  
  121  7:58  Drone x2  
  121  7:59  Drone  
  121  8:00  Drone x3  
  121  8:01  Overlord  
  122  8:22  Drone  
  122  8:23  Roach  
  122  8:24  Roach x5  
  99  8:47  Roach x5  
  93  9:02  Roach  
  93  9:03  Roach x6  
  105  9:17  Roach x2  
  105  9:18  Roach x2  
  105  9:20  Ravager  
  105  9:21  Ravager x3  
  105  9:23  Zergling x8  
  105  9:47  Roach x8  
  120  10:05  Zergling x4  
  120  10:06  Zergling x12  
  105  10:14  Roach  
  105  10:15  Roach x3  
  104  10:22  Roach x2  
  104  10:27  Roach x7  
  114  10:35  Roach  
  114  10:36  Overseer  
  114  10:46  Roach x6  
  123  10:50  Roach  
  123  10:53  Overseer  
  124  11:00  Hatchery  
  123  11:05  Roach x3  
  118  11:12  Spore Crawler  
  115  11:19  Roach  
  115  11:20  Roach x3  
  121  11:30  Tunneling Claws  
  121  11:31  Burrow  
  117  11:35  Roach  
  117  11:36  Roach x2  
  117  11:37  Drone  
  118  11:58  Roach x8  
  132  12:09  Drone x7  
  132  12:12  Drone  
  140  12:18  Overlord  
  140  12:23  Overlord  
  127  12:52  Roach x15  
  127  12:58  Roach x4  
  153  13:04  Roach x14  
  163  13:06  Ravager x4  
  163  13:07  Ravager x2  
  163  13:10  Roach x10  
  169  13:15  Roach x4  
  177  13:22  Roach x9  
  177  13:25  Roach  
  177  13:26  Roach x4  
  187  13:30  Roach x2  
  187  13:31  Roach x3  
  187  13:32  Roach x4  
  187  13:33  Roach  
  183  13:37  Roach  
  183  13:38  Roach x6  
  193  13:49  Roach x2  
  193  13:50  Roach  
  193  13:53  Roach  
  193  13:54  Roach x4  
  166  14:05  Roach x6  
  178  14:12  Roach  
  178  14:13  Roach x2  
Show
View Real Time Build Order
Export as new Build Order

IIIIIIIIIIII Protoss 

Build Orders: 1 Gate Expand 

Get SALT Encoding   

  12  0:01  Probe (Chrono Boost)  
  13  0:11  Probe (Chrono Boost)  
  14  0:17  Pylon  
  14  0:22  Probe (Chrono Boost)  
  15  0:35  Probe (Chrono Boost)  
  16  0:36  Gateway  
  16  0:42  Assimilator  
  16  0:46  Probe (Chrono Boost)  
  17  0:56  Probe (Chrono Boost)  
  18  1:07  Probe (Chrono Boost)  
  19  1:19  Nexus  
  19  1:22  Probe (Chrono Boost)  
  20  1:32  Cybernetics Core  
  20  1:34  Probe (Chrono Boost)  
  21  1:45  Probe (Chrono Boost)  
  22  1:48  Pylon  
  22  1:50  Assimilator  
  22  1:55  Probe (Chrono Boost)  
  23  2:05  Adept  
  23  2:09  Warp Gate  
  23  2:11  Probe (Chrono Boost)  
  27  2:23  Pylon, Probe (Chrono Boost)  
  27  2:29  Twilight Council  
  27  2:35  Stalker, Probe (Chrono Boost)  
  30  2:40  Probe (Chrono Boost)  
  31  2:46  Probe (Chrono Boost)  
  31  2:50  Probe (Chrono Boost)  
  33  2:55  Resonating Glaives  
  33  2:56  Probe (Chrono Boost)  
  34  3:01  Probe (Chrono Boost)  
  35  3:08  Probe (Chrono Boost)  
  35  3:11  Probe (Chrono Boost)  
  38  3:21  Probe (Chrono Boost)  
  38  3:22  Probe (Chrono Boost)  
  39  3:30  Gateway  
  39  3:31  Gateway  
  39  3:32  Probe (Chrono Boost)  
  39  3:33  Probe (Chrono Boost)  
  41  3:43  Probe (Chrono Boost)  
  41  3:45  Probe (Chrono Boost)  
  41  3:46  Robotics Facility  
  41  3:53  Probe (Chrono Boost)  
  42  3:57  Probe (Chrono Boost)  
  42  4:04  Probe (Chrono Boost)  
  42  4:07  Pylon  
  42  4:09  Probe (Chrono Boost)  
  44  4:15  Mothership Core (Chrono Boost)  
  46  4:21  Pylon  
  46  4:26  Pylon  
  46  4:33  Probe (Chrono Boost), Dark Shrine  
  46  4:34  Gateway  
  46  4:39  Probe (Chrono Boost)  
  48  4:45  Probe (Chrono Boost)  
  49  4:53  Adept x3  
  49  4:56  Pylon  
  49  4:57  Assimilator  
  54  5:01  Pylon  
  54  5:03  Probe (Chrono Boost)  
  54  5:04  Probe (Chrono Boost)  
  55  5:14  Adept  
  55  5:20  Warp Prism  
  56  5:22  Adept  
  56  5:23  Adept  
  62  5:34  Gateway  
  62  5:39  Nexus  
  62  5:41  Pylon  
  62  5:46  Dark Templar  
  62  5:47  Dark Templar  
  66  5:51  Dark Templar  
  66  5:55  Adept  
  70  6:00  Probe x2 (Chrono Boost)  
  70  6:03  Immortal  
  78  6:13  Probe x2 (Chrono Boost)  
  78  6:21  Robotics Bay  
  78  6:25  Probe x2 (Chrono Boost)  
  80  6:28  Adept x2  
  84  6:37  Probe (Chrono Boost)  
  78  6:47  Probe (Chrono Boost)  
  72  6:49  Probe (Chrono Boost)  
  72  6:51  Adept x2  
  64  7:10  Disruptor  
  64  7:12  Probe (Chrono Boost)  
  64  7:14  Blink  
  65  7:15  Probe (Chrono Boost)  
  65  7:20  Pylon  
  65  7:25  Probe (Chrono Boost)  
  65  7:28  Probe (Chrono Boost)  
  65  7:29  Probe (Chrono Boost)  
  69  7:41  Stalker, Pylon  
  69  7:42  Stalker  
  69  7:43  Zealot x2  
  76  7:51  Disruptor, Pylon  
  76  7:52  Pylon  
  76  7:58  Probe (Chrono Boost)  
  82  7:59  Probe x2 (Chrono Boost)  
  82  8:11  Probe x2 (Chrono Boost)  
  84  8:19  Adept x4  
  92  8:22  Probe (Chrono Boost)  
  92  8:23  Probe x2 (Chrono Boost)  
  92  8:24  Assimilator  
  92  8:35  Probe (Chrono Boost)  
  92  8:39  Stalker x3  
  84  8:47  Stalker  
  69  8:59  Immortal  
  69  9:00  Probe x2 (Chrono Boost)  
  68  9:03  Stalker x2  
  68  9:07  Probe (Chrono Boost)  
  76  9:12  Gateway  
  76  9:15  Gateway  
  78  9:17  Probe x2 (Chrono Boost)  
  78  9:19  Stalker  
  78  9:22  Probe (Chrono Boost)  
  81  9:28  Pylon  
  81  9:29  Probe (Chrono Boost)  
  82  9:31  Stalker x2  
  82  9:32  Stalker  
  76  9:49  Stalker, Probe (Chrono Boost)  
  76  9:50  Probe (Chrono Boost)  
  76  9:52  Probe (Chrono Boost)  
  81  9:56  Stalker x2  
  81  9:58  Zealot  
  81  10:06  Probe x2 (Chrono Boost)  
  74  10:09  Disruptor, Probe (Chrono Boost)  
  66  10:17  Pylon  
  65  10:23  Stalker  
  64  10:39  Dark Templar  
  64  10:41  Adept x3  
  69  10:43  Observer  
  69  10:47  Probe (Chrono Boost)  
  69  10:48  Probe (Chrono Boost)  
  69  10:49  Probe (Chrono Boost)  
  71  10:58  Probe (Chrono Boost)  
  71  11:01  Probe x2 (Chrono Boost)  
  74  11:08  Probe (Chrono Boost)  
  76  11:12  Sentry x2  
  76  11:13  Probe x2 (Chrono Boost)  
  81  11:19  Probe (Chrono Boost)  
  81  11:22  Adept x2  
  83  11:32  Pylon  
  83  11:33  Pylon  
  83  11:46  Disruptor  
  83  11:51  Probe (Chrono Boost)  
  83  11:52  Probe (Chrono Boost)  
  83  11:53  Probe (Chrono Boost)  
  89  11:54  Pylon  
  89  11:55  Sentry  
  89  12:00  Gateway  
  92  12:01  Probe (Chrono Boost)  
  92  12:02  Gateway  
  92  12:04  Probe (Chrono Boost)  
  93  12:11  Gateway  
  93  12:14  Probe (Chrono Boost)  
  94  12:15  Pylon  
  94  12:17  Stalker x3, Pylon  
  94  12:19  Pylon  
  100  12:25  Assimilator  
  100  12:31  Pylon  
  100  12:43  Disruptor  
  95  12:46  Stalker x4  
  95  12:49  Probe (Chrono Boost)  
  95  12:51  Probe x2 (Chrono Boost)  
  108  12:52  Assimilator  
  107  13:00  Forge  
  107  13:05  Probe x2 (Chrono Boost)  
  110  13:06  Probe (Chrono Boost)  
  110  13:15  Probe (Chrono Boost)  
  110  13:18  Observer, Probe x2 (Chrono Boost)  
  111  13:26  Probe (Chrono Boost), Forge  
  91  13:37  Observer  
  91  13:38  Observer Gravitic Boosters  
  85  13:45  Probe x2 (Chrono Boost)  
  69  14:07  Sentry x2  
Tags
 
Add a new tag
Caveats
  • Supply blocks, unpowered buildings, or Contaminate may cause inaccurate times.
  • Supply counts are checked every 10 seconds.